 Dungeon Crawl Stone Soup version 0.21.1-1-g345015f (webtiles) character file.

135 shakethe the Chopper (level 4, 0/35 HPs)
             Began as a Demonspawn Gladiator on Feb 27, 2018.
             Killed by divine providence
             ... invoked by an orc priest
              (13 damage)
             ... on level 3 of the Dungeon.
             The game lasted 00:01:34 (1552 turns).

shakethe the Chopper (Demonspawn Gladiator)         Turns: 1552, Time: 00:01:35

Health: 0/35       AC:  8    Str: 14    XL:     4   Next: 96%
Magic:  4/4        EV: 12    Int: 10    God:
Gold:   36         SH:  0    Dex: 15    Spells: 3/3 levels left

rFire    . . .     SeeInvis .   a - +0 war axe
rCold    + . .     Gourm    .   (no shield)
rNeg     . . .     Faith    .   k - +2 ring mail {rPois}
rPois    +         Spirit   .   c - +0 helmet
rElec    .         Reflect  .   (no cloak)
rCorr    .         Harm     .   (no gloves)
MR       .....                  (no boots)
Stlth    +.........             (no amulet)
HPRegen  0.11/turn              (no ring)
MPRegen  0.09/turn              (no ring)

@: no status effects
A: cold resistance 1, freezing cloud immunity
a: no special abilities


You were on level 3 of the Dungeon.
You were not hungry.

You visited 1 branch of the dungeon, and saw 3 of its levels.

You collected 36 gold pieces.

Inventory:

Hand Weapons
 a - a +0 war axe (weapon)
Missiles
 d - 4 throwing nets {=f, !d}
Armour
 b - a +0 leather armour
 c - a +0 helmet (worn)
 k - a +2 ring mail of poison resistance (worn)
   (You found it on level 1 of the Dungeon)
Jewellery
 q - an uncursed ring of ice {unknown}
   (You found it on level 2 of the Dungeon)
 u - an uncursed ring of magical power {unknown}
   (You found it on level 3 of the Dungeon)
Scrolls
 e - 3 scrolls of remove curse {unknown}
 g - 3 scrolls of teleportation {unknown}
 j - a scroll of immolation {unknown}
 l - 4 scrolls of identify {unknown}
 m - a scroll of enchant weapon {unknown}
 n - 2 scrolls of fog {unknown}
 o - a scroll of fear {unknown}
 p - a scroll of noise {unknown}
 r - a scroll of amnesia {unknown}
 v - a scroll of magic mapping {unknown}
Potions
 h - 5 potions of heal wounds {unknown}
 i - a potion of degeneration {unknown}
 t - a potion of haste {unknown}
Comestibles
 f - 6 rations
 s - 3 chunks of flesh {@w0@w0}


   Skills:
 + Level 3.1 Fighting
 * Level 4.1 Axes
 - Level 1.7 Throwing
 + Level 3.4 Dodging


You had 3 spell levels left.
You didn't know any spells.

Dungeon Overview and Level Annotations

Branches:
Dungeon (3/15)

Altars:


Innate Abilities, Weirdness & Mutations

Your flesh is cold resistant. (rC+)
You are immune to freezing clouds.


Message History

No target in view!
No target in view!
No target in view!
No target in view!
No target in view!
No target in view!
No target in view!
No target in view!
There is a stone staircase leading up here.
You butcher the human corpse of Terence.
s - 4 chunks of flesh {@w0@w0}
There is a stone staircase leading down, spattered with blood here.
Things that are here:
a mace; a scale mail; the human skeleton of Terence
There is a stone staircase leading down, spattered with blood here.
Things that are here:
a mace; a scale mail; the human skeleton of Terence Eating one of 4 chunks of flesh {@w0@w0}.
You eat one of the 4 chunks of flesh {@w0@w0}.
t - a black potion Health restored: 35 No target in view!
No target in view!
No target in view!
No target in view!
No target in view!
No target in view!
No target in view!
No target in view!
No target in view!
No target in view!
No target in view!
u - an iron ring No target in view!
No target in view!
No target in view!
No target in view!
No target in view!
No target in view!
No target in view!
No target in view!
No target in view!
No target in view!
v - a scroll labeled SEGYMIOCAT No target in view!
No target in view!
No target in view!
No target in view!
No target in view!
No target in view!
No target in view!
No target in view!
No target in view!
You see here 7 stones.
A frilled lizard comes into view.
You closely miss the frilled lizard. The frilled lizard closely misses you.
You barely miss the frilled lizard. The frilled lizard closely misses you.
The frilled lizard bites you but does no damage.
You barely miss the frilled lizard.
The frilled lizard bites you but does no damage.
You hit the frilled lizard but do no damage.
The frilled lizard barely misses you.
You closely miss the frilled lizard. The frilled lizard closely misses you.
The frilled lizard bites you but does no damage.
You barely miss the frilled lizard.
The frilled lizard bites you but does no damage.
You slash the frilled lizard!
You kill the frilled lizard!
No target in view!
No target in view!
You see here a frilled lizard corpse.
An orc and an orc priest come into view.
The orc priest shouts!
You hear a shout!
An orc comes into view. It is wielding a hand axe.
You see here a whip.
The orc priest closely misses you.
You barely miss the orc priest. The orc priest barely misses you.
The orc priest hits you but does no damage.
There are monsters nearby!
You hit the orc priest.
The orc priest hits you but does no damage.
You hit the orc priest. You hit the orc.
The orc priest calls down the wrath of Beogh upon you.
Beogh smites you! The orc hits you but does no damage.
You take 10 damage, and have 25/35 hp.
MASSIVE DAMAGE!!
You closely miss the orc priest. You hit the orc.
You kill the orc!
The orc priest hits you with a dagger.
You take 5 damage, and have 20/35 hp.
You closely miss the orc priest. You hit the orc.
The orc priest closely misses you. The orc barely misses you.
The orc priest calls down the wrath of Beogh upon you.
Beogh smites you!
You take 7 damage, and have 13/35 hp.
You barely miss the orc priest. You hit the orc.
You kill the orc!
The orc priest mumbles some strange prayers to Beogh against you.
Beogh smites you!
You die...

....<>...#.#..## #
...............# ...
......########.###.#
####..# #.......#
#..######.#..#..# #
#.........†.....#
####..######.#.#...#
......# #.#)#.).#
####..# #.#..@o.#
#..# #.##..)......
####..#
#.##...###..#
......# #.###.## #
####.## #.# #.# #.#
#.# #.# #.# #.# #.#
##.## #.# #.#
#...######.#


You could see an orc priest.

Vanquished Creatures
  Jessica (D:2)
  Terence (D:3)
  2 adders (D:2)
  2 oozes (D:2)
  2 worms (D:2)
  5 dart slugs
  A leopard gecko (D:2)
  2 orcs (D:3)
  A ball python (D:2)
  2 giant cockroaches (D:2)
  4 goblins
  2 hobgoblins (D:1)
  2 bats
  2 frilled lizards
  8 kobolds
  4 rats
41 creatures vanquished.

Notes
Turn   | Place    | Note
-------+----------+-------------------------------------------
     0 | D:1      | shakethe the Demonspawn Gladiator began the quest for the Orb.
     0 | D:1      | Reached XP level 1. HP: 16/16 MP: 1/1
   351 | D:1      | Reached skill level 3 in Axes
   351 | D:1      | Gained mutation: Your flesh is cold resistant. (rC+) [demonic ancestry]
   351 | D:1      | Reached XP level 2. HP: 21/22 MP: 2/2
   748 | D:2      | Reached skill level 3 in Dodging
   789 | D:2      | Reached XP level 3. HP: 24/28 MP: 3/3
   794 | D:2      | Noticed Jessica
   799 | D:2      | Killed Jessica
   909 | D:2      | Gained mutation: You are immune to freezing clouds. [demonic ancestry]
   909 | D:2      | Reached XP level 4. HP: 34/34 MP: 4/4
  1447 | D:3      | Noticed Terence
  1457 | D:3      | Killed Terence
  1457 | D:3      | Reached skill level 3 in Fighting
  1457 | D:3      | Reached skill level 4 in Axes
  1552 | D:3      | Killed from afar by an orc priest

Skill      XL: |  1  2  3  4 |
---------------+-------------+-----
Axes           | 3 4 |  4.1
Dodging        | 3 |  3.4
Fighting       | 3 |  3.1
Throwing       | |  1.7

Action                   |  1- 3 |  4- 6 || total
-------------------------+-------+-------++-------
Melee: War axe           |    62 |    69 ||   131
  Eat: Chunk             |       |     2 ||     2
Armor: Leather armour    |    11 |       ||    11
       Ring mail         |    13 |    37 ||    50
Dodge: Dodged            |    39 |    44 ||    83

Vault maps used:
D:1:      nzn_arrival_water_spiral
D:2:      uniq_jessica
D:3:      nicolae_overflow_crystal_walls, first_ration, uniq_terence

Table legend:
 A = Turns spent in this place as a percentage of turns spent in the entire game.
 B = Non-inter-level travel turns spent in this place as a percentage of non-inter-level travel turns spent in the entire game.
 C = Inter-level travel turns spent in this place as a percentage of turns spent in this place.
 D = Turns resting spent in this place as a percentage of non-inter-level travel turns spent in this place.
 E = Turns spent auto-exploring this place as a percentage of non-inter-level travel turns spent in this place.
 F = Non-inter-level travel turns spent in this place divided by the number of levels of this place that you've seen.
                   A       B       C       D       E      F
               +-------+-------+-------+-------+-------+----------------------
         Total | 100.0 | 100.0 |   7.5 |  24.3 |  58.2 | 478.7
       Dungeon | 100.0 | 100.0 |   7.5 |  24.3 |  58.2 | 478.7
               +-------+-------+-------+-------+-------+----------------------

Table legend:
 A = Kills in this place as a percentage of kills in entire the game.
 B = Kills by you in this place as a percentage of kills by you in the entire game.
 C = Kills by friends in this place as a percentage of kills by friends in the entire game.
 D = Other kills in this place as a percentage of other kills in the entire game.
 E = Experience gained in this place as a percentage of experience gained in the entire game.
 F = Experience gained in this place divided by the number of levels of this place that you have seen.
                   A       B       C       D       E      F
               +-------+-------+-------+-------+-------+----------------------
         Total | 100.0 | 100.0 |   N/A |   N/A | 100.0 |  64.3
       Dungeon | 100.0 | 100.0 |   N/A |   N/A | 100.0 |  64.3
               +-------+-------+-------+-------+-------+----------------------
